 Dungeon Crawl Stone Soup version 0.31.0-11-ge490571c62 (webtiles) character file.

Game seed: 17840344732114243619

44 qw the Shooter (level 3, -5/20 HPs)
             Began as a Deep Elf Hunter on Feb 4, 2024.
             Slain by an iguana (9 damage)
             ... on level 2 of the Dungeon.
             The game lasted 00:00:03 (946 turns).

qw the Shooter (Deep Elf Hunter)                     Turns: 946, Time: 00:00:03

Health: -5/20      AC:  3    Str: 10    XL:     3   Next: 39%
Magic:  5/5        EV: 12    Int: 13    God:
Gold:   79         SH:  0    Dex: 18    Spells: 2/2 levels left

rFire   . . .        a - +0 shortbow
rCold   . . .        (shield currently unavailable)
rNeg    . . .        c - +0 leather armour
rPois   .            (no helmet)
rElec   .            (no cloak)
rCorr   .            (no gloves)
SInv    .            (no boots)
Will    .....        (no amulet)
Stlth   ++           (no ring)
HPRegen 0.23/turn    (no ring)
MPRegen 0.09/turn

%: no passive effects
@: no status effects
A: no striking features
a: no special abilities


You were on level 2 of the Dungeon.
You visited 1 branch of the dungeon, and saw 2 of its levels.

You collected 79 gold pieces.


   Skills:
 - Level 1.5 Fighting
 + Level 7.0 Ranged Weapons
 - Level 2.4 Dodging
 - Level 1.2 Stealth


You had 2 spell levels left.
You didn't know any spells.
Your spell library was empty.

Inventory:

Hand Weapons
 a - a +0 shortbow (weapon)
Armour
 c - a +0 leather armour (worn)
Potions
 f - a potion of haste

Dungeon Overview and Level Annotations

Branches:
Dungeon (2/15)

Altars:


Message History

Enter note:
Enter note:
Enter note:
Enter note:
Enter note: You shoot an arrow.
The arrow hits the kobold.
You kill the kobold!
You see here a +0 dagger.
A ball python comes into view.
Found a stone staircase leading down.
You shoot an arrow. The arrow hits the ball python.
You kill the ball python!
Your Ranged Weapons skill increases to level 7!
Found a stone staircase leading up.
Enter note:
Enter note: An iguana comes into view.
You shoot an arrow. The arrow hits the iguana.
The iguana is lightly wounded.
You shoot an arrow. The arrow closely misses the iguana.
You shoot an arrow. The arrow barely misses the iguana.
You shoot an arrow.
The arrow hits the iguana but does no damage.
The iguana is lightly wounded.
You shoot an arrow. The arrow hits the iguana!
The iguana is severely wounded.
You shoot an arrow. The arrow completely misses the iguana.
The iguana bites you!
Ouch! That really hurt!
You shoot an arrow. The arrow hits the iguana.
The iguana is almost dead.
The iguana bites you.
You shoot an arrow.
The arrow hits the iguana but does no damage.
The iguana is almost dead.
The iguana bites you but does no damage.
You shoot an arrow. The arrow hits the iguana.
The iguana is almost dead.
The iguana bites you!
You die...

... ... ...##..
..<.... .......
.......## .......?#
......l.# .......@#
........# ........#
........#
........####
.>.........#
############+###.##.#
....#..........#.#..#
###.....####........#


You could see an iguana.

Vanquished Creatures
  An adder (D:1)
  2 dart slugs (D:1)
  3 endoplasms (D:1)
  3 goblins (D:1)
  3 hobgoblins
  3 quokkas (D:1)
  5 ball pythons
  2 bats
  A frilled lizard (D:1)
  4 kobolds
  A rat (D:1)
28 creatures vanquished.

Notes
Turn   | Place    | Note
-------+----------+-------------------------------------------
     0 | D:1      | qw the Deep Elf Hunter began the quest for the Orb.
     0 | D:1      | Reached XP level 1. HP: 12/12 MP: 3/3
     0 | D:1      | 0 ||| qw: Version: 0.3-a-160-g6735b56
     0 | D:1      | 0 ||| qw: Game counter: 4393
     0 | D:1      | 0 ||| qw: Melee chars always use a shield: true
     0 | D:1      | 0 ||| qw: God list: Okawaru
     0 | D:1      | 0 ||| qw: Allow faded altars: false
     0 | D:1      | 0 ||| qw: Do Orc after clearing Dungeon:15 true
     0 | D:1      | 0 ||| qw: Do second Lair branch before Depths: true
     0 | D:1      | 0 ||| qw: Lair rune preference: random
     0 | D:1      | 0 ||| qw: Goals: Normal
     0 | D:1      | 0 ||| PLANNING D:1-11
   229 | D:1      | Found a faded altar of an unknown god.
   305 | D:1      | Reached skill level 6 in Ranged Weapons
   305 | D:1      | Reached XP level 2. HP: 16/16 MP: 4/4
   755 | D:1      | 755 ||| READING 3 scrolls labelled YHAOCIFEMA.
   755 | D:1      | 755 ||| IDENTIFYING brown potion
   756 | D:1      | 756 ||| READING 2 scrolls of identify.
   756 | D:1      | 756 ||| IDENTIFYING 2 fizzy orange potions
   757 | D:1      | 757 ||| READING scroll of identify.
   757 | D:1      | 757 ||| IDENTIFYING scroll labelled RAREIZX WOMEKH
   758 | D:1      | 758 ||| READING scroll labelled CEPIOCVAN.
   759 | D:1      | 759 ||| DROPPING scroll of butterflies.
   760 | D:1      | 760 ||| DROPPING scroll of torment.
   761 | D:1      | 761 ||| DROPPING 2 potions of invisibility.
   785 | D:2      | Reached XP level 3. HP: 20/20 MP: 5/5
   785 | D:2      | 785 ||| STAIRDANCE
   932 | D:2      | Reached skill level 7 in Ranged Weapons
   944 | D:2      | HP: 4/20 [iguana (6)]
   946 | D:2      | Slain by an iguana

Levels and vault maps discovered:
D:1:      spicycebolla_arrival_clurvy, layout_loops_corners,
          hellmonk_ecumenical_altar_pennies_from_heaven
D:2:      layout_basic, uniq_jessica

Skill      XL: |  1  2  3 |
---------------+----------+-----
Ranged Weapons | 6 7 |  7.0
Fighting       | |  1.5
Dodging        | |  2.4
Stealth        | |  1.2

Action                     || total
---------------------------++-------
   Fire: Shortbow          ||    72
    Use: Scroll            ||     4
 Armour: Leather armour    ||    12
  Dodge: Dodged            ||    12

Table legend:
 A = Non-vault XP
 B = Vault XP
 C = Vault XP percentage of total XP
 D = Non-vault monster count
 E = Vault monster count
 F = Vault count percentage of total count
                 A         B        C        D         E       F
            +---------+---------+-------+---------+---------+-------
      Total |      63 |       0 |   0.0 |      28 |       0 |   0.0
            +---------+---------+-------+---------+---------+-------
        D:1 |      54 |       0 |   0.0 |      22 |       0 |   0.0
        D:2 |       9 |       0 |   0.0 |       6 |       0 |   0.0
            +---------+---------+-------+---------+---------+-------
